 Dungeon Crawl Stone Soup version 0.28.0-43-g3370ac3207 (webtiles) character file.

Game seed: 13808193234574044269

4115 safid the Severer (level 10, 0/84 HPs)
             Began as a Hill Orc Fighter on Mar 30, 2022.
             Was a Believer of Beogh.
             Killed from afar by an electric eel (10 damage)
             ... with a bolt of electricity
             ... on level 8 of the Dungeon.
             The game lasted 00:14:08 (9807 turns).

safid the Severer (Hill Orc Fighter)                Turns: 9807, Time: 00:14:09

Health: 0/84       AC: 17    Str: 24    XL:     10   Next: 26%
Magic:  10/10      EV:  7    Int:  8    God:    Beogh [**....]
Gold:   395        SH:  4    Dex: 10    Spells: 9/9 levels left

rFire   . . .      SeeInvis .   a - +0 war axe
rCold   . . .      Faith    .   c - +0 buckler
rNeg    + . .      Spirit   .   x - +0 plate armour
rPois   .          Reflect  .   o - +1 helmet
rElec   .          Harm     .   (no cloak)
rCorr   .          Rampage  .   v - +0 pair of gloves
Will    .....                   y - +0 pair of boots
Stlth   ..........              (no amulet)
HPRegen 0.24/turn               u - ring of positive energy
MPRegen 0.12/turn               E - +4 ring of slaying

@: no status effects
A: no striking features
a: Renounce Religion, Smiting


You were on level 8 of the Dungeon.
You worshipped Beogh.
Beogh was pleased with you.
You visited 1 branch of the dungeon, and saw 8 of its levels.

You collected 395 gold pieces.

Inventory:

Hand Weapons
 a - a +0 war axe (weapon)
Missiles
 f - 9 poisoned darts (quivered)
 D - a throwing net
Armour
 c - a +0 buckler (worn)
 o - a +1 helmet (worn)
 v - a +0 pair of gloves (worn)
 x - a +0 plate armour (worn)
 y - a +0 pair of boots (worn)
Jewellery
 u - a ring of positive energy (left hand)
 C - a ring of flight
 E - a +4 ring of slaying (right hand)
 F - a ring of protection from fire
Wands
 h - a wand of flame (10)
 i - a wand of mindburst (15)
 r - a wand of iceblast (6)
Scrolls
 e - 2 scrolls of magic mapping
 j - a scroll of brand weapon {unknown}
 k - a scroll of immolation {unknown}
 l - 4 scrolls of teleportation
 q - 2 scrolls of amnesia
 s - a scroll of torment {unknown}
 w - a scroll of fear {unknown}
Potions
 b - 4 potions of curing {unknown}
 d - 3 potions of might
 g - a potion of invisibility {unknown}
 m - a potion of cancellation {unknown}
 n - a potion of magic {unknown}
 p - 2 potions of haste
 t - 2 potions of degeneration {unknown}
 z - a potion of berserk rage {unknown}
 A - a potion of attraction {unknown}
 B - a potion of resistance {unknown}


   Skills:
 + Level 6.7 Fighting
 - Level 16.0 Axes
 + Level 6.3 Armour
 - Level 2.0 Dodging
 - Level 4.0 Shields


You had 9 spell levels left.
You didn't know any spells.
Your spell library contained the following spells:

 Spells                   Type           Power      Damage    Failure   Level
 Freeze                   Ice            0%         1d3       100%        1
 Corpse Rot               Necr/Air       0%         N/A       100%        2
 Poisonous Vapours        Pois/Air       0%         N/A       100%        2
 Static Discharge         Conj/Air       0%         N/A       100%        2
 Frozen Ramparts          Ice            0%         1d2       100%        3
 Gell's Gravitas          Tloc           0%         N/A       100%        3
 Teleport Other           Tloc           0%         N/A       100%        3
 Dispel Undead            Necr           0%         3d6       100%        4
 Hailstorm                Conj/Ice       0%         3d3       100%        4
 Sticky Flame             Conj/Fire      0%         2d3       100%        4
 Dispersal                Tloc           0%         N/A       100%        6


Dungeon Overview and Level Annotations

Branches:
Dungeon (8/15)             Temple (0/1) D:5            Lair (0/6) D:8

Altars:
Hepliaklqana
Wu Jian

Shops:
D:1 (   D:2 [

Annotations:
D:4 1 runed translucent door, Crazy Yiuf


Message History

You remove your ring of flight.
You float gracefully downwards.
E - a +4 ring of slaying (right hand)
You see here a wolf corpse.
An electric eel comes into view.
The electric eel shoots out a bolt of lightning at you!
The bolt of electricity hits you!
The electric eel shoots out a bolt of lightning at you!
The bolt of electricity hits you!
The electric eel shoots out a bolt of lightning at you!
The bolt of electricity hits you.
The electric eel shoots out a bolt of lightning at you!
The bolt of electricity hits you.
The electric eel shoots out a bolt of lightning at you!
The bolt of electricity misses you.
The electric eel shoots out a bolt of lightning at you!
The bolt of electricity hits you.
The electric eel shoots out a bolt of lightning at you!
The bolt of electricity hits you!
The electric eel shoots out a bolt of lightning at you!
The bolt of electricity misses you.
The electric eel shoots out a bolt of lightning at you!
The bolt of electricity hits you!
The electric eel shoots out a bolt of lightning at you!
The bolt of electricity hits you but does no damage.
The electric eel shoots out a bolt of lightning at you!
The bolt of electricity hits you!
The electric eel shoots out a bolt of lightning at you!
The bolt of electricity hits you.
* * * LOW HITPOINT WARNING * * *
The electric eel shoots out a bolt of lightning at you!
The bolt of electricity hits you.
* * * LOW HITPOINT WARNING * * *
The electric eel shoots out a bolt of lightning at you!
The bolt of electricity hits you.
* * * LOW HITPOINT WARNING * * *
The bolt of electricity hits you.
* * * LOW HITPOINT WARNING * * *
The electric eel shoots out a bolt of lightning at you!
The bolt of electricity hits you!
You die...

#.........≈≈≈..≈...≈≈≈≈..
#.......≈..≈≈≈≈.≈≈≈≈≈≈S≈≈
#.........≈≈S≈≈≈≈≈≈≈≈≈≈≈≈
#.........≈..≈≈≈.≈≈..≈≈..
######..≈≈≈..≈.≈.........
#...................
###.#.#.#.#.#.#.#.#.
#.#.#.#.#.#.#.#.#.#
##@#.#.#.#.#.#.#.#.
#.#.#.#.#.#.#.#.#.#
##.#.#.#.#.#.#.#.#.
#.#.#.#.#.#.#.#.#.#
##.#.#.#.#.#.#.#.#.
#.#.#.#.#.#.#.#.#.#
##.#.#.#.#.#.#.#.#.
#.#.#.#.#.#.#...#.#
####.#.#.#.#.#.♣≈†.#.


You could see an electric eel.

Vanquished Creatures
  A troll (D:8)
  Grinder (D:3)
  A wyvern (D:7)
  A steam dragon (D:6)
  Edmund (D:6)
  A water moccasin (D:7)
  2 orc warriors (D:5)
  4 sky beasts
  2 ice beasts
  A necrophage (D:5)
  An ogre (D:7)
  2 centaurs (D:8)
  5 wolves (D:8)
  A phantom (D:6)
  Blork the orc (D:6)
  3 bullfrogs
  3 scorpions (D:4)
  A water moccasin skeleton (D:6)
  4 wights (D:5)
  A howler monkey (D:4)
  A bullfrog zombie (D:6)
  A centaur zombie (D:8)
  2 gnoll shamans (D:6)
  A bullfrog skeleton (D:6)
  2 orc priests (D:5)
  4 hounds
  4 jellies
  2 centaur skeletons (D:5)
  Ijyb (D:4)
  5 iguanas
  4 orc wizards
  A hound zombie (D:5)
  Robin (D:2)
  8 gnolls (D:6)
  5 adders
  A white imp (D:7)
  An ufetubus (D:6)
  3 dart slugs
  13 orcs
  3 bats (D:1)
  4 endoplasms
  3 giant cockroaches
  16 goblins
  4 hobgoblins
  4 jackals (D:4)
  5 kobolds
  7 ball pythons
  3 frilled lizards
  6 rats
152 creatures vanquished.

Vanquished Creatures (others)
  An orc wizard (D:4)
  An orc (D:3)
  A fungus (D:1)
  A plant (D:8)
4 creatures vanquished.

Grand Total: 156 creatures vanquished

Notes
Turn   | Place    | Note
-------+----------+-------------------------------------------
     0 | D:1      | safid the Hill Orc Fighter began the quest for the Orb.
     0 | D:1      | Reached XP level 1. HP: 19/19 MP: 1/1
   213 | D:1      | Found a faded altar of an unknown god.
   267 | D:1      | Reached skill level 3 in Axes
   267 | D:1      | Reached XP level 2. HP: 27/27 MP: 2/2
   394 | D:1      | Found Soawkoch's Weapon Shoppe.
   998 | D:2      | Reached XP level 3. HP: 30/33 MP: 3/3
  1163 | D:2      | Noticed Robin
  1177 | D:2      | Killed Robin
  1178 | D:2      | Reached XP level 4. HP: 16/40 MP: 4/4
  1430 | D:2      | Found Tuta's Antique Armour Shop.
  1596 | D:2      | Reached skill level 4 in Axes
  2188 | D:3      | Noticed Grinder
  2214 | D:3      | Paralysed by Grinder for 3 turns
  2218 | D:3      | Killed Grinder
  2219 | D:3      | Reached skill level 7 in Axes
  2219 | D:3      | Reached XP level 5. HP: 11/46 MP: 5/5
  2219 | D:3      | Reached XP level 6. HP: 13/52 MP: 6/6
  2471 | D:3      | Identified the +8 hunting sling of the Thirteen Servitors
                  | {freeze, MP+9}
  2680 | D:3      | Became a worshipper of Beogh the Brigand
  2817 | D:4      | Reached skill level 8 in Axes
  2836 | D:4      | Reached XP level 7. HP: 39/59 MP: 7/7
  3057 | D:4      | Reached skill level 9 in Axes
  3162 | D:4      | Noticed Ijyb
  3179 | D:4      | Killed Ijyb
  3530 | D:4      | Reached skill level 10 in Axes
  3668 | D:4      | Found a runed translucent door.
  3669 | D:4      | Noticed Crazy Yiuf
  3832 | D:4      | Found an ornate altar of the Wu Jian Council.
  4258 | D:4      | Found a hazy altar of Hepliaklqana.
  4276 | D:5      | Entered Level 5 of the Dungeon
  4306 | D:5      | Found a staircase to the Ecumenical Temple.
  4323 | D:5      | Reached * piety under Beogh
  4324 | D:5      | Reached skill level 11 in Axes
  4324 | D:5      | Reached XP level 8. HP: 34/66 MP: 8/8
  4652 | D:5      | Reached skill level 12 in Axes
  5289 | D:5      | Reached skill level 13 in Axes
  5929 | D:6      | Noticed Blork the orc
  5935 | D:6      | Killed Blork the orc
  5936 | D:6      | Reached XP level 9. HP: 71/71 MP: 9/9
  5940 | D:6      | Reached skill level 14 in Axes
  6364 | D:6      | Reached skill level 15 in Axes
  6371 | D:6      | Reached ** piety under Beogh
  6742 | D:6      | Noticed Edmund
  6754 | D:6      | Killed Edmund
  7289 | D:7      | Reached skill level 16 in Axes
  7431 | D:7      | Reached skill level 1 in Dodging
  8441 | D:7      | Reached skill level 5 in Fighting
  8683 | D:8      | Reached skill level 5 in Armour
  8683 | D:8      | Reached XP level 10. HP: 73/81 MP: 10/10
  9499 | D:8      | Found a staircase to the Lair.
  9807 | D:8      | Killed from afar by an electric eel

Illustrated notes

Levels and vault maps discovered:
D:1:      ebering_trefoil_3fold, layout_basic, shapermc_ecumenical_altar_ellora,
          serial_forest, infiniplex_forest_clump_medium,
          infiniplex_forest_lined_corner, infiniplex_forest_straight_2,
          infiniplex_forest_straight_2, infiniplex_forest_clump_long,
          infiniplex_forest_lined_ring, infiniplex_forest_end_2,
          infiniplex_forest_clump_tiny, serial_shops, nicolae_diamond_shop,
          minmay_misc_feat_chi, minmay_misc_feat_encased
D:2:      layout_loops_ring, serial_shops, shop, uniq_robin
D:3:      layout_loops_ring, uniq_grinder
D:4:      layout_loops_corners, nicolae_overflow_hidden_temple, uniq_ijyb,
          uniq_crazy_yiuf_cottage
D:5:      layout_cave_pools, minmay_temple_entry_drinking_statues
D:6:      layout_loops_ring, nicolae_zen_rock_garden, uniq_blork_the_orc,
          uniq_edmund
D:7:      layout_cave_pods
D:8:      layout_basic, erik_lair_island, serial_bayou_pond_d

Skill      XL: |  1  2  3  4  5  6  7  8  9 10 |
---------------+-------------------------------+-----
Axes           | 3 7 8 11 13 16 | 16.0
Fighting       | 4 5 6 |  6.7
Armour         | 4 5 6 |  6.3
Shields        | 4 |  4.0
Dodging        | 2 |  2.0

Action                   |  1- 3 |  4- 6 |  7- 9 | 10-12 || total
-------------------------+-------+-------+-------+-------++-------
Melee: War axe           |    78 |    86 |   398 |    60 ||   622
Invok: Convert to Beogh  |       |     1 |       |       ||     1
  Use: Scroll            |       |       |     4 |       ||     4
Armor: Scale mail        |    48 |    38 |    29 |       ||   115
       Chain mail        |       |       |    52 |       ||    52
       Plate armour      |       |       |    95 |    38 ||   133
Dodge: Dodged            |    47 |    36 |   105 |    29 ||   217
Block: Buckler           |    21 |    14 |    61 |    21 ||   117
